 Dungeon Crawl Stone Soup version 0.32-a0-818-gb728d0252e (webtiles) character file.

Game seed: 16174857138518227707

475714 audacious124 the Shatterer (level 23, -8/211 HPs)
             Began as a Mountain Dwarf Fighter on Mar 21, 2024.
             Was a High Priest of Okawaru.
             Killed from afar by an acid blob (9 damage)
             ... with a splash of acid
             ... created by the Royal Jelly
             ... on level 5 of the Pits of Slime on Mar 24, 2024.
             The game lasted 02:42:26 (51620 turns).

audacious124 the Shatterer (MDFi)                  Turns: 51620, Time: 02:42:28

Health: -8/211     AC: 24    Str: 30    XL:     23   Next: 32%
Magic:  0/33       EV:  8    Int: 11    God:    Okawaru [*****.]
Gold:   3141       SH: 40    Dex: 11    Spells: 22/22 levels left

rFire   . . .        b - +10 demon whip of Kismet {vamp, rF- Str+5 Dex+2 SInv}
rCold   + . .        f - +18 shield of the Gong {Loud rN+ Will+ rCorr EV-5}
rNeg    + + .        c - +6 plate armour of Ytist {Rampage rElec Will++ Int-3}
rPois   +            z - +2 helmet
rElec   +            m - +0 cloak
rCorr   +            e - +2 pair of gloves {infuse}
SInv    +            s - +2 pair of boots of Gravitas {-Cast rPois Slay+5}
Will    +++++        d - amulet of reflection
Stlth   +            I - ring of Kannuar {rF+ rC+ rN+}
HPRegen 0.55/turn    q - ring "Pabupt" {rElec rPois Slay+3 Stlth+}
MPRegen 0.23/turn

%: no spellcasting, random rage (3%), reflection, rampage
@: heroic, finesse-ful, corroded, studying Staves, unable to read
A: runic magic, artefact enchanting, berserk 1, evolution 1
}: 3/15 runes: serpentine, barnacled, silver
a: Renounce Religion, Heroism, Finesse, Duel


You were on level 5 of the Pits of Slime.
You worshipped Okawaru.
Okawaru was extremely pleased with you.
You visited 9 branches of the dungeon, and saw 44 of its levels.
You also visited: Bailey.

You collected 6601 gold pieces.
You spent 3460 gold pieces at shops.

Inventory:

Hand Weapons
 a - the +11 eveningstar "Gareowk" {elec, rElec SInv}
   (Okawaru gifted it to you on level 10 of the Dungeon)

   rElec:     It insulates you from electricity.
   SInv:      It lets you see invisible.
 b - the +10 demon whip of Kismet (weapon) {vamp, rF- Str+5 Dex+2 SInv}
   (You acquired it on level 1 of the Dungeon)

   Str+5:     It affects your strength (+5).
   Dex+2:     It affects your dexterity (+2).
   rF-:       It makes you vulnerable to fire.
   SInv:      It lets you see invisible.
Armour
 c - the +6 plate armour of Ytist (worn) {Rampage rElec Will++ Int-3}
   (Okawaru gifted it to you on level 10 of the Dungeon)

   Int-3:     It affects your intelligence (-3).
   rElec:     It insulates you from electricity.
   Will++:    It greatly increases your willpower.
   Rampage:   It bestows one free step when moving towards enemies.
 e - a +2 pair of gloves of infusion (worn)
 f - the +18 shield of the Gong (worn) {Loud rN+ Will+ rCorr EV-5}
   (You bought it in a shop on level 2 of the Orcish Mines)

   Loud:      It is deafeningly noisy when blocking attacks.
   EV-5:      It affects your evasion (-5).
   rN+:       It protects you from negative energy.
   Will+:     It increases your willpower.
   rCorr:     It protects you from acid and corrosion.
 m - a +0 cloak (worn)
 s - the +2 pair of boots of Gravitas (worn) {-Cast rPois Slay+5}
   (You found it on level 3 of the Elven Halls)

   Slay+5:    It affects your accuracy & damage with ranged weapons and melee
   (+5).
   rPois:     It protects you from poison.
   -Cast:     It prevents spellcasting.
 z - a +2 helmet (worn)
Jewellery
 d - an amulet of reflection (around neck)
 j - the amulet "Lufasch" {Faith Rampage Int+4}
   (You took it off a vault warden on level 5 of the Vaults)

   [amulet of faith]

   Faith:     It allows you to gain divine favour quickly.
   Int+4:     It affects your intelligence (+4).
   Rampage:   It bestows one free step when moving towards enemies.
 n - the ring of Efenap {rF+ rCorr Stlth+}
   (You took it off a deep elf master archer on level 3 of the Elven Halls)

   [ring of protection from fire]

   rF+:       It protects you from fire.
   rCorr:     It protects you from acid and corrosion.
   Stlth+:    It makes you more stealthy.
 q - the ring "Pabupt" (right hand) {rElec rPois Slay+3 Stlth+}
   (You bought it in a shop on level 2 of the Dungeon)

   [ring of poison resistance]

   Slay+3:    It affects your accuracy & damage with ranged weapons and melee
   (+3).
   rElec:     It insulates you from electricity.
   rPois:     It protects you from poison.
   Stlth+:    It makes you more stealthy.
 u - a ring of flight
 B - the ring "Daheck" {rElec rPois Int+6 Dex-5 SInv}
   (You took it off a deep elf elementalist on level 3 of the Elven Halls)

   [ring of intelligence]

   Int+6:     It affects your intelligence (+6).
   Dex-5:     It affects your dexterity (-5).
   rElec:     It insulates you from electricity.
   rPois:     It protects you from poison.
   SInv:      It lets you see invisible.
 I - the ring of Kannuar (left hand) {rF+ rC+ rN+}
   (You bought it in a shop on level 2 of the Dungeon)

   [ring of protection from cold]

   rF+:       It protects you from fire.
   rC+:       It protects you from cold.
   rN+:       It protects you from negative energy.
 K - the ring "Nunicoirph" {rF+ rN+}
   (You took it off a deep elf demonologist on level 3 of the Elven Halls)

   [ring of protection from fire]

   rF+:       It protects you from fire.
   rN+:       It protects you from negative energy.
 O - a ring of protection from fire
 S - the brooch of Shielding {Spirit SH+8}
   (You found it on level 4 of the Shoals)

   [amulet of guardian spirit]

   Spirit:    It causes incoming damage to be divided between your reserves of
   health and magic.
   SH+8:      It affects your SH (+8).
 Z - the ring "Iqeam" {^Contam rPois rF+++ rCorr Str-4}
   (You took it off a deep elf blademaster on level 3 of the Elven Halls)

   [ring of poison resistance]

   Str-4:     It affects your strength (-4).
   rF+++:     It renders you almost immune to fire.
   rPois:     It protects you from poison.
   ^Contam:   It causes magical contamination when unequipped.
   rCorr:     It protects you from acid and corrosion.
Talismans
 L - a granite talisman
Wands
 r - a wand of quicksilver (42)
 x - a wand of digging (26)
 y - a wand of mindburst (30)
 N - a wand of iceblast (54) (quivered)
 Q - a wand of flame (71)
 W - a wand of polymorph (32)
Scrolls
 p - 2 scrolls of enchant armour
 v - 4 scrolls of blinking
 A - 9 scrolls of fear
 C - 14 scrolls of teleportation
 J - a scroll of fog
 M - 5 scrolls of vulnerability
 P - a scroll of silence
 T - 4 scrolls of torment
 U - 3 scrolls of enchant weapon
 X - 7 scrolls of revelation
 Y - a scroll of brand weapon
Potions
 g - a potion of ambrosia
 h - 9 potions of enlightenment
 i - 4 potions of resistance
 l - 19 potions of curing
 o - 9 potions of attraction
 t - a potion of lignification
 w - 4 potions of heal wounds
 D - 6 potions of cancellation
 E - 9 potions of haste
 F - 3 potions of invisibility
 G - 9 potions of mutation
 H - 4 potions of might
Miscellaneous
 k - a tin of tremorstones (2/2)
 V - a lightning rod (4/4)


   Skills:
 + Level 18.8(23.8) Fighting
 - Level 3.3(21.4) Axes
 * Level 24.3(27) Maces & Flails
 * Level 17.2(22.2) Armour
 * Level 9.4(14.4) Dodging
 - Level 5.6(10.6) Stealth
 + Level 23.6(27) Shields
 - Level 14.0 Invocations
 - Level 11.3 Evocations
 * Level 6.8 Shapeshifting


You had 22 spell levels left.
You didn't know any spells.
Your spell library contained the following spells:

 Spells                   Type           Power      Damage    Failure   Level
 Apportation              Tloc           0%         N/A       43%         1
 Foxfire                  Conj/Fire      0%         2x1d4     43%         1
 Kiss of Death            Conj/Necr      0%         2d5       43%         1
 Slow                     Hex            0%         N/A       43%         1
 Sting                    Conj/Alch      0%         1d3       43%         1
 Cigotuvi's Dreadful Rot  Necr/Alch/Air  0%         N/A       58%         2
 Ensorcelled Hibernation  Hex/Ice        0%         N/A       58%         2
 Jinxbite                 Hex            0%         N/A       58%         2
 Lesser Beckoning         Tloc           0%         N/A       58%         2
 Confusing Touch          Hex            0%         N/A       82%         3
 Fugue of the Fallen      Necr           0%         N/A       82%         3
 Gell's Gravitas          Tloc           0%         N/A       82%         3
 Hailstorm                Conj/Ice       0%         3d5       82%         3
 Inner Flame              Hex/Fire       0%         N/A       82%         3
 Ozocubu's Armour         Ice            0%         N/A       82%         3
 Passwall                 Erth           0%         N/A       82%         3
 Swiftness                Air            0%         N/A       82%         3
 Teleport Other           Tloc           0%         N/A       82%         3
 Vampiric Draining        Necr           0%         2d6       82%         3
 Volatile Blastmotes      Fire/Tloc      0%         2d10      82%         3
 Anguish                  Hex/Necr       0%         N/A       99%         4
 Dimensional Bullseye     Hex/Tloc       0%         N/A       99%         4
 Dispel Undead            Necr           0%         3d6       99%         4
 Iskenderun's Mystic Bla  Conj/Tloc      0%         2d3       99%         4
 Leda's Liquefaction      Alch/Erth      0%         N/A       99%         4
 Olgreb's Toxic Radiance  Alch           0%         N/A       99%         4
 Passage of Golubria      Tloc           0%         N/A       99%         4
 Petrify                  Alch/Erth      0%         N/A       99%         4
 Alistair's Intoxication  Alch           0%         N/A       100%        5
 Arcjolt                  Conj/Air       0%         1d10      100%        5
 Borgnjor's Vile Clutch   Necr/Erth      0%         N/A       100%        5
 Irradiate                Conj/Alch      0%         3d11      100%        5
 Lee's Rapid Deconstruct  Erth           0%         3d4*      100%        5
 Metabolic Englaciation   Hex/Ice        0%         N/A       100%        5
 Silence                  Hex/Air        0%         N/A       100%        5
 Yara's Violent Unravell  Hex/Alch       0%         3d3       100%        5
 Bombard                  Conj/Erth      0%         9d1       100%        6
 Conjure Ball Lightning   Conj/Air       0%         3x3d6     100%        6
 Permafrost Eruption      Ice/Erth       0%         2x4d2     100%        6
 Plasma Beam              Fire/Air       0%         2x1d10    100%        6
 Starburst                Conj/Fire      0%         6d3       100%        6
 Enfeeble                 Hex            0%         N/A       100%        7
 Ozocubu's Refrigeration  Ice            0%         4d7       100%        7
 Discord                  Hex            0%         N/A       100%        8
 Disjunction              Tloc           0%         N/A       100%        8
 Ignition                 Fire           0%         3d3       100%        8
 Lehudib's Crystal Spear  Conj/Erth      0%         10d2      100%        8
 Maxwell's Capacitive Co  Air            0%         ∞         100%        8
 Tukima's Dance           Hex            Unusable   N/A       N/A         3
 Animate Armour           Summ/Erth      Unusable   N/A       N/A         4
 Animate Dead             Necr           Unusable   N/A       N/A         4
 Martyr's Knell           Necr/Summ      Unusable   N/A       N/A         4
 Death Channel            Necr           Unusable   N/A       N/A         6
 Monstrous Menagerie      Summ           Unusable   N/A       N/A         7

Dungeon Overview and Level Annotations

Branches:
Dungeon (15/15)            Temple (1/1) D:5            Lair (5/5) D:9
 Shoals (4/4) Lair:2        Snake (4/4) Lair:3        Slime (5/5) Lair:5
    Orc (2/2) D:9             Elf (3/3) Orc:2        Vaults (5/5) D:13
  Crypt (0/3) Vaults:2     Depths (0/4) D:15         Bailey (visited)

Altars:
Ashenzari
Cheibriados
Dithmenos
Elyvilon
Fedhas
Gozag
Hepliaklqana
Kikubaaqudgha
Makhleb
Nemelex Xobeh
Okawaru
Qazlal
Ru
Sif Muna
Trog
Uskayaw
Vehumet
Wu Jian
Xom
Yredelemnul
Zin
The Shining One
Beogh
Jiyva

Shops:
D:1 *   D:2 =   D:7 !   D:14 *   Orc:1 *   Orc:2 *!(!:?*(   Elf:1 *![*:
Elf:3 [   Snake:2 ::=   Vaults:1 [

Annotations:
D:4 1 runed translucent door


Innate Abilities, Weirdness & Mutations

Your spellcasting is much less encumbered by armour.
You can use scrolls of enchantment on lesser artefacts.
You sometimes lose your temper in combat.
You have hidden genetic potential.


Message History

GONNNNG!
The acid blob barely misses you. The rockslime hits you!!
You hold your ground!
The quicksilver ooze hits you! The quicksilver ooze engulfs you!
The quicksilver ooze hits you but does no damage.
The acid blob hits you but does no damage.
The azure jelly hits you. The azure jelly freezes you!! You resist.
The azure jelly hits you but does no damage. x2
The azure jelly barely misses you. The rockslime hits you!
You hold your ground!
You feel extremely strange.
You feel weaker.
You no longer become unable to read scrolls after taking damage.
You feel a little pissed off.
You feel a hidden potential growing inside you.
Your lungs strain for air!
You block the quicksilver ooze's attack.
BONNNG!
You block the quicksilver ooze's attack.
BOUMMMMG!
You block the acid blob's attack.
SHROANNG!
The acid blob closely misses you. The rockslime hits you!
* * * LOW HITPOINT WARNING * * *
You hold your ground!
The acid blob hits you!!
* * * LOW HITPOINT WARNING * * *
You are splashed with acid.
You resist.
* * * LOW HITPOINT WARNING * * *
The ooze engulfing you falls away.
You gasp with relief as air once again reaches your lungs.
The rockslime hits you!
* * * LOW HITPOINT WARNING * * *
You hold your ground!
The azure jelly completely misses you. The azure jelly hits you.
* * * LOW HITPOINT WARNING * * *
The azure jelly freezes you! You resist.
* * * LOW HITPOINT WARNING * * *
The azure jelly hits you but does no damage. x2
The acid blob spits acid at you. The splash of acid hits you! You resist.
You die...

### ### ####.### ##.###
#######
###....#.###....##.......
...........#..###........
...............J#J.......
..............##JJJ...#
..............JJ@JJ...#
......##.......JJJ..###
.....###.......JJ....#
.....# ####...........#
......# ##....#.......
........ #...###.......
........ ##..# #......
........ #### #....#
....... #...


You could see 4 acid blobs, 4 azure jellies, 2 rockslimes and 4 quicksilver
oozes.

Vanquished Creatures
  the Royal Jelly (Slime:5)
  Dissolution (Slime:3)
  A dread lich (Vaults:5)
  Mennas (Vaults:5)
  Sojobo (Vaults:2)
  A golden dragon (Vaults:5)
  Jorgrun (Arena)
  A tentacled monstrosity (Vaults:5)
  Rupert (Orc:2)
  5 titans (Vaults:5)
  A deep elf blademaster (Elf:3)
  2 deep elf master archers (Elf:3)
  Polyphemus (Shoals:3)
  5 acid blobs
  3 sphinxes
  Gastronok (D:8)
  Frances (Shoals:1)
  Aizul (Snake:2)
  5 tengu reavers
  10 nagarajas (Snake:4)
  Ilsuiw (Shoals:3)
  A storm dragon (Vaults:5)
  3 shadow dragons (Vaults:5)
  4 azure jellies
  7 rockslimes
  16 vault wardens
  6 deep elf sorcerers (Elf:3)
  Louise (Snake:1)
  4 frost giants (Vaults:5)
  A fire giant (Vaults:5)
  4 deep elf elementalists (Elf:3)
  The ghost of scarr the Grappler, a journeyman DrMo of Okawaru (Orc:2)
  2 orc warlords (Vaults:3)
  3 very ugly things (Vaults:5)
  6 quicksilver oozes
  25 ironbound preservers
  6 formless jellyfish
  7 ironbound thunderhulks
  3 stone giants (Vaults:5)
  8 deep elf death magi
  7 deep elf demonologists
  5 deep elf annihilators
  9 dire elephants
  3 war gargoyles
  4 minotaurs
  A fire dragon (shapeshifter) (Vaults:5)
  Snorg (Lair:4)
  2 merfolk javelineers
  2 crystal guardians
  5 merfolk impalers
  7 deep elf high priests
  Josephine (D:11)
  An ettin (Vaults:5)
  An entropy weaver (Vaults:3)
  6 great orbs of eyes
  18 yaktaur captains
  33 vault guards
  3 peacekeepers
  Fannar (Lair:3)
  A rakshasa (D:15)
  2 hydras
  13 ironbound frosthearts
  3 ogre magi
  2 merfolk avatars
  A jorogumo (shapeshifter) (Vaults:5)
  2 death knights
  10 anacondas
  5 boulder beetles
  12 satyrs
  A catoblepas (Shoals:3)
  4 alligator snapping turtles
  36 dancing weapons
  A merfolk aquamancer (Shoals:2)
  10 two-headed ogres
  Erica (D:8)
  12 centaur warriors
  11 naga sharpshooters
  3 orc high priests
  A hell hog (Lair:5)
  17 death yaks
  9 shock serpents
  2 deep troll earth magi (Vaults:2)
  11 naga warriors
  11 deep elf knights
  Amaemon (D:9)
  Nergalle (Lair:3)
  4 skysharks
  2 iron trolls (Vaults:2)
  A shadow wraith (Vaults:1)
  3 skeletal warriors (D:14)
  A cyclops (shapeshifter) (Vaults:5)
  A sea snake (shapeshifter) (Vaults:5)
  A skyshark (shapeshifter) (Vaults:5)
  A salamander mystic (Snake:2)
  59 deep trolls
  6 naga ritualists
  16 sea snakes
  18 mana vipers
  A flayed ghost (Vaults:2)
  16 orc knights
  14 arcanists
  13 lindwurms
  5 thermic dynamos
  2 glowing orange brains
  5 deep elf archers
  21 deep elf pyromancers
  21 ironbound convokers
  8 phantasmal warriors
  22 harpies
  An orc sorcerer (Orc:2)
  A wolf spider (shapeshifter) (Vaults:5)
  3 necromancers
  37 ugly things
  6 salamanders
  A faun (shapeshifter) (Vaults:5)
  Maurice (D:11)
  4 shining eyes
  20 deep elf zephyrmancers
  20 fauns
  A manticore (shapeshifter) (Vaults:5)
  A spectral centaur (D:11)
  4 cyclopes
  12 manticores
  8 merfolk sirens
  10 elephants
  An elephant (shapeshifter) (Vaults:5)
  A human skeleton (Vaults:1)
  3 meliai (D:15)
  2 kobold blastminers (Orc:2)
  A stone giant skeleton (Vaults:1)
  4 centaur zombies
  29 black mambas
  17 vault sentinels
  A gargoyle (D:11)
  6 guardian serpents
  2 eyes of devastation
  8 cane toads
  10 naga magi
  A water nymph (shapeshifter) (Vaults:5)
  4 water nymphs
  An orange demon (D:9)
  Maggie (D:8)
  3 centaur skeletons
  44 yaktaurs
  A kobold demonologist (D:14)
  2 rime drakes
  4 freezing wraiths
  11 komodo dragons
  3 tengu conjurers (D:15)
  6 wind drakes
  A hornet (D:10)
  7 trolls
  13 polar bears
  2 raiju (Lair:5)
  The ghost of dogverified the Ruffian, an amateur DrSh (D:4)
  15 merfolk
  8 blink frogs
  3 glass eyes
  6 snapping turtles
  A harpy skeleton (D:15)
  25 dream sheep
  Prince Ribbit (D:8)
  57 slime creatures
  A vampire (D:14)
  10 wraiths
  6 air elementals
  14 water elementals
  A shadow (D:10)
  A hog (shapeshifter) (Elf:2)
  17 humans (D:13)
  3 wyverns
  14 wargs
  32 yaks
  3 basilisks (Lair:5)
  6 golden eyes (Slime:1)
  2 steam dragons
  3 fire elementals
  2 redbacks (shapeshifter) (Vaults:5)
  Grum (D:8)
  A redback (Vaults:3)
  7 vampire mosquitoes
  An acid dragon (D:10)
  37 nagas
  12 hell hounds (Lair:5)
  11 water moccasins
  57 orc warriors
  A swamp drake (D:9)
  15 black bears
  2 ice beasts
  9 boggarts
  8 ogres
  48 wolves
  24 centaurs
  2 kobold brigands
  12 bullfrogs
  2 human zombies (Vaults:1)
  3 earth elementals
  3 scorpions
  2 gnoll sergeants
  10 wights
  14 killer bees
  2 howler monkeys
  5 electric eels
  2 bombardier beetles
  2 hounds
  11 orc priests
  2 gnoll boudas (D:5)
  5 jellies
  A sleepcap (D:6)
  6 iguanas
  19 orc wizards
  33 gnolls
  4 adders
  A river rat (D:4)
  2 white imps
  A dart slug (D:2)
  85 orcs
  5 ball pythons
  5 bats
  11 endoplasms
  8 giant cockroaches
  7 goblins
  5 hobgoblins
  4 jackals (D:1)
  2 quokkas
  6 frilled lizards
  21 kobolds
  A rat (D:2)
1776 creatures vanquished.

Vanquished Creatures (others)
  A fire giant (Vaults:5)
  A rakshasa (D:15)
  A deep elf knight (Elf:3)
  A yaktaur (Vaults:5)
  A water elemental (Elf:1)
5 creatures vanquished.

Grand Total: 1781 creatures vanquished

Notes
Turn   | Place    | Note
-------+----------+-------------------------------------------
     0 | D:1      | audacious124 the Mountain Dwarf Fighter began the quest for
                  | the Orb.
     0 | D:1      | Reached XP level 1. HP: 19/19 MP: 1/1
   122 | D:1      | Found a faded altar of an unknown god.
   131 | D:1      | Reached XP level 2. HP: 26/26 MP: 2/2
   200 | D:1      | You fall into a shaft and drop 1 floor!
   347 | D:1      | Found Merhia's General Store.
   607 | D:1      | Reached XP level 3. HP: 26/31 MP: 3/3
   608 | D:1      | Identified a scroll of acquirement
   608 | D:1      | Acquired the +10 demon whip of Kismet {vamp, rF- Str+5
                  | Dex+2 SInv}
   916 | D:2      | Acquired the +3 kite shield of Snakes and Ladders {rC+ rN+}
  1225 | D:2      | Reached skill level 1 in Maces & Flails
  1238 | D:2      | Found Anywniyt's One-of-a-Kind Rings.
  1555 | D:3      | Identified the +0 leather armour of Dishonesty {Dex+5}
  1971 | D:4      | Reached skill level 2 in Maces & Flails
  1971 | D:4      | Reached XP level 4. HP: 38/38 MP: 4/4
  2083 | D:4      | Reached skill level 3 in Maces & Flails
  2349 | D:4      | Found a runed translucent door.
  2354 | D:4      | Noticed dogverified's ghost (amateur DrSh)
  2371 | D:4      | Killed dogverified's ghost
  2372 | D:4      | Reached skill level 5 in Maces & Flails
  2372 | D:4      | Reached XP level 5. HP: 43/45 MP: 5/5
  2372 | D:4      | Reached XP level 6. HP: 49/51 MP: 6/6
  2378 | D:4      | Found a runed translucent door.
  2414 | D:4      | Reached skill level 6 in Maces & Flails
  2701 | D:5      | Entered Level 5 of the Dungeon
  2805 | D:5      | Reached XP level 7. HP: 57/57 MP: 7/7
  2817 | D:5      | Reached skill level 7 in Maces & Flails
  2817 | D:5      | Reached skill level 5 in Armour
  2946 | D:5      | Reached skill level 8 in Maces & Flails
  3051 | D:5      | Reached skill level 5 in Shields
  3060 | D:5      | Reached XP level 8. HP: 59/63 MP: 6/8
  3121 | D:5      | Found a staircase to the Ecumenical Temple.
  3147 | D:5      | Reached skill level 9 in Maces & Flails
  3181 | Temple   | Entered the Ecumenical Temple
  3194 | Temple   | Became a worshipper of Warmaster Okawaru
  3373 | D:5      | Found an ornate altar of the Wu Jian Council.
  3559 | D:5      | Reached skill level 10 in Maces & Flails
  3764 | D:6      | Found a sparkling altar of Nemelex Xobeh.
  3815 | D:6      | Reached skill level 1 in Invocations
  3899 | D:6      | Reached * piety under Okawaru
  4369 | D:7      | Reached XP level 9. HP: 71/71 MP: 10/10
  4404 | D:7      | Reached skill level 11 in Maces & Flails
  4589 | D:7      | Reached skill level 1 in Dodging
  4616 | D:7      | Reached ** piety under Okawaru
  4962 | D:7      | Found Qukus's Distillery.
  4965 | D:7      | Bought a potion of heal wounds for 70 gold pieces
  4987 | D:8      | Found a broken altar of Ashenzari.
  5052 | D:8      | Noticed Maggie
  5062 | D:8      | Killed Maggie
  5062 | D:8      | Reached *** piety under Okawaru
  5129 | D:8      | Noticed Grum
  5133 | D:8      | Noticed Gastronok
  5136 | D:8      | Reached skill level 12 in Maces & Flails
  5148 | D:8      | Reached skill level 5 in Fighting
  5148 | D:8      | Reached XP level 10. HP: 81/81 MP: 10/13
  5176 | D:8      | Killed Gastronok
  5176 | D:8      | Reached **** piety under Okawaru
  5176 | D:8      | Reached ***** piety under Okawaru
  5177 | D:8      | Reached skill level 5 in Invocations
  5182 | D:8      | Killed Grum
  5313 | D:8      | Noticed Erica
  5329 | D:8      | Killed Erica
  5655 | D:8      | Noticed Prince Ribbit
  5665 | D:8      | Killed Prince Ribbit
  5954 | D:9      | Found a sacrificial altar of Ru.
  6026 | D:9      | Found a flagged portal.
  6038 | Bailey   | Entered a bailey
  6366 | Bailey   | Received a gift from Okawaru
  6501 | D:9      | Found a staircase to the Lair.
  6516 | D:9      | Reached XP level 11. HP: 91/91 MP: 13/16
  6527 | D:9      | Noticed Amaemon
  6540 | D:9      | Killed Amaemon
  6653 | D:9      | Found an ancient bone altar of Kikubaaqudgha.
  6775 | D:9      | Reached skill level 13 in Maces & Flails
  6826 | D:9      | Found a staircase to the Orcish Mines.
  6944 | D:9      | Found a hide-covered altar of Uskayaw.
  6986 | D:9      | Found a glowing silver altar of Zin.
  7175 | D:10     | Entered Level 10 of the Dungeon
  7545 | D:10     | Found a shimmering blue altar of Sif Muna.
  7863 | D:10     | Reached ****** piety under Okawaru
  8024 | D:10     | Acquired the +2 plate armour of Ytist {Rampage rElec Will++
                  | Int-3}
  8024 | D:10     | Received a gift from Okawaru
  8037 | D:10     | Acquired the +11 eveningstar "Gareowk" {elec, rElec SInv}
  8037 | D:10     | Received a gift from Okawaru
  8471 | Lair:1   | Entered Level 1 of the Lair of Beasts
  8645 | Lair:1   | Received a gift from Okawaru
  8790 | Lair:1   | Reached XP level 12. HP: 101/101 MP: 18/18
  8912 | Lair:1   | Received a gift from Okawaru
  8921 | Lair:1   | Identified the +3 leather armour of Cigutwar {rElec Regen+}
  9368 | Lair:2   | Found a staircase to the Shoals.
  9376 | Lair:2   | Reached skill level 5 in Dodging
  9376 | Lair:2   | Reached skill level 1 in Stealth
  9423 | Lair:2   | Reached skill level 10 in Shields
  9763 | Lair:2   | Noticed a boulder beetle
  9782 | Lair:2   | Killed a boulder beetle
 10388 | Lair:3   | Found a staircase to the Snake Pit.
 10402 | Lair:3   | Received a gift from Okawaru
 10508 | Lair:3   | Reached skill level 10 in Invocations
 10678 | Lair:3   | Reached skill level 14 in Maces & Flails
 10784 | Lair:3   | Noticed Nergalle
 10785 | Lair:3   | Noticed Fannar
 10794 | Lair:3   | Killed Nergalle
 10802 | Lair:3   | Killed Fannar
 11083 | Lair:3   | Received a gift from Okawaru
 11438 | Lair:4   | Reached XP level 13. HP: 89/111 MP: 12/20
 11614 | Lair:4   | Received a gift from Okawaru
 11869 | Lair:4   | Noticed Snorg
 11883 | Lair:4   | Killed Snorg
 12225 | Lair:5   | Entered Level 5 of the Lair of Beasts
 12354 | Lair:5   | Received a gift from Okawaru
 12425 | Lair:5   | Reached skill level 10 in Armour
 12596 | Lair:5   | Received a gift from Okawaru
 12605 | Lair:5   | Reached skill level 10 in Fighting
 12762 | Lair:5   | Found a snail-covered altar of Cheibriados.
 12858 | Lair:5   | Found a viscous altar of Jiyva.
 12879 | Lair:5   | Found a staircase to the Slime Pits.
 13016 | Lair:5   | Received a gift from Okawaru
 13037 | Lair:5   | Reached XP level 14. HP: 118/121 MP: 20/22
 13188 | Lair:5   | Reached skill level 5 in Stealth
 13248 | Lair:5   | Identified the +5 flail of Hatred {protect, rN+ Str+6}
 13335 | Lair:5   | Reached skill level 15 in Maces & Flails
 13355 | Lair:5   | Received a gift from Okawaru
 13891 | Orc:1    | Entered Level 1 of the Orcish Mines
 13910 | Orc:1    | Noticed Jorgrun
 13910 | Arena    | Entered the Arena
 13928 | Arena    | Killed Jorgrun
 14263 | Orc:1    | Found Pogoev's Assorted Antiques.
 14296 | Orc:1    | Bought a scroll of identify for 48 gold pieces
 14298 | Orc:1    | Reached XP level 15. HP: 129/129 MP: 24/24
 14535 | D:2      | Bought the ring "Pabupt" {rElec rPois Slay+3 Stlth+} for
                  | 592 gold pieces
 14535 | D:2      | Bought the ring of Kannuar {rF+ rC+ rN+} for 518 gold
                  | pieces
 15012 | Orc:2    | Entered Level 2 of the Orcish Mines
 15034 | Orc:2    | Noticed Rupert
 15052 | Orc:2    | Killed Rupert
 15118 | Orc:2    | Found Mynerhiu's Book Emporium.
 15118 | Orc:2    | Found Joishidy's Distillery.
 15143 | Orc:2    | Found Udaulaekk's Antique Weapon Shop.
 15262 | Orc:2    | Found Reffipp's Magic Scroll Shoppe.
 15310 | Orc:2    | Bought a scroll of blinking for 97 gold pieces
 15419 | Orc:2    | Received a gift from Okawaru
 15778 | Orc:2    | Found Fomitziaja's Distillery.
 15823 | Orc:2    | Found a staircase to the Elven Halls.
 15849 | Orc:2    | Noticed scarr's ghost (journeyman DrMo)
 15856 | Orc:2    | Found a runed translucent gate.
 15856 | Orc:2    | Found a runed translucent gate.
 15860 | Orc:2    | Found a runed translucent gate.
 16064 | Orc:2    | Found Sutytoc's General Store.
 16196 | Orc:2    | Found Vuvita's General Store.
 16290 | Orc:2    | Found Fotwofury's Weapon Shoppe.
 16516 | Orc:2    | Killed scarr's ghost
 16517 | Orc:2    | Reached skill level 1 in Evocations
 17127 | D:11     | Noticed Josephine
 17140 | D:11     | Killed Josephine
 17348 | D:11     | Received a gift from Okawaru
 17524 | D:11     | Noticed Maurice
 17529 | D:11     | Killed Maurice
 18197 | D:11     | Identified the +2 scale mail "Fyosiavi" {Str+4 Int-3}
 18436 | D:12     | Found a stormy altar of Qazlal.
 18578 | D:12     | Reached skill level 16 in Maces & Flails
 18626 | D:12     | Reached XP level 16. HP: 127/138 MP: 0/25
 18790 | D:12     | Identified the +4 ring mail of the Nightingale {*Slow rPois
                  | rC++ Int-5}
 19083 | D:12     | Identified the +5 great mace of the Lesser Evil {elec, rC+
                  | Str-4 Int+3}
 19217 | D:12     | Received a gift from Okawaru
 19998 | D:13     | Received a gift from Okawaru
 20075 | D:13     | Found a gate to the Vaults.
 20102 | D:13     | Reached skill level 5 in Evocations
 20356 | D:13     | Found a blossoming altar of Fedhas.
 20719 | Elf:1    | Entered Level 1 of the Elven Halls
 20872 | Elf:1    | Found Byunodem's Book Shop.
 21010 | Elf:1    | Found Ucuziq's Armour Emporium.
 21011 | Elf:1    | Found Jaczidai's Distillery.
 21011 | Elf:1    | Found Vetapaos's Assorted Antiques.
 21013 | Elf:1    | Found Jewket's Assorted Antiques.
 21182 | Elf:1    | Bought a pair of embroidered boots for 247 gold pieces
 21240 | Elf:1    | Paralysed by an air elemental for 1 turns
 21248 | Elf:1    | Paralysed by an air elemental for 1 turns
 21452 | Elf:1    | Found a stormy altar of Qazlal.
 21452 | Elf:1    | Paralysed by an air elemental for 1 turns
 21455 | Elf:1    | Paralysed by an air elemental for 1 turns
 21854 | Snake:1  | Entered Level 1 of the Snake Pit
 21887 | Snake:1  | Received a gift from Okawaru
 22513 | Snake:1  | Noticed Louise
 22530 | Snake:1  | Killed Louise
 23338 | Snake:2  | Received a gift from Okawaru
 23649 | Snake:2  | Identified the serpent talisman of Action {rF- Dex+7
                  | Stlth-}
 23649 | Snake:2  | Noticed Aizul
 23660 | Snake:2  | Reached skill level 15 in Shields
 23672 | Snake:2  | Killed Aizul
 23673 | Snake:2  | Reached skill level 17 in Maces & Flails
 23673 | Snake:2  | Identified the +0 ring mail of the Shishi {Str+2}
 23968 | Snake:2  | Reached XP level 17. HP: 140/148 MP: 13/27
 24218 | Snake:2  | Found Lysauw's Jewellery Shoppe.
 24218 | Snake:2  | Found Wepec's Book Boutique.
 24219 | Snake:2  | Found Xaba's Book Boutique.
 24748 | Snake:3  | Received a gift from Okawaru
 25900 | Snake:3  | Identified the +10 shortbow of Viengu Hoen {drain, rPois
                  | rF+ Will+}
 26052 | Snake:4  | Entered Level 4 of the Snake Pit
 26415 | Snake:4  | Found a blossoming altar of Fedhas.
 26780 | Orc:2    | Bought the +18 shield of the Gong {Loud rN+ Will+ rCorr
                  | EV-5} for 1438 gold pieces
 26780 | Orc:2    | Found the +18 shield of the Gong {Loud rN+ Will+ rCorr
                  | EV-5}
 27174 | Snake:4  | Received a gift from Okawaru
 27725 | Snake:4  | Received a gift from Okawaru
 28304 | Snake:4  | Got a serpentine rune of Zot
 28809 | Elf:2    | Received a gift from Okawaru
 28847 | Elf:2    | Reached XP level 18. HP: 160/160 MP: 0/28
 28849 | Elf:2    | Paralysed by an air elemental for 1 turns
 29292 | Elf:2    | Reached skill level 18 in Maces & Flails
 29650 | Elf:2    | Identified the +7 short sword of the Crushed Dreams
                  | {freeze, rElec rPois SInv}
 29651 | Elf:2    | Found a runed translucent gate.
 29651 | Elf:2    | Found a runed translucent gate.
 29651 | Elf:2    | Found a runed translucent gate.
 29883 | Elf:2    | Received a gift from Okawaru
 29896 | Elf:2    | Reached skill level 10 in Evocations
 30194 | Elf:2    | Identified the blade talisman "Feporr" {rElec rC+}
 30392 | Elf:3    | Entered Level 3 of the Elven Halls
 30503 | Elf:3    | Received a gift from Okawaru
 31055 | Elf:3    | Identified the +2 morningstar "Sedwucwi" {antimagic, Will+
                  | Str+3}
 31098 | Elf:3    | Identified the ring "Iqeam" {^Contam rPois rF+++ rCorr
                  | Str-4}
 31129 | Elf:3    | Identified the +6 long sword "Eviscerator" {freeze, rElec
                  | Str+3}
 31158 | Elf:3    | Noticed a Hell Sentinel
 31174 | Elf:3    | Identified the ring of Efenap {rF+ rCorr Stlth+}
 31174 | Elf:3    | Identified the ring "Nunicoirph" {rF+ rN+}
 31187 | Elf:3    | Reached skill level 15 in Fighting
 31207 | Elf:3    | Noticed an Ice Fiend
 31215 | Elf:3    | Received a gift from Okawaru
 31270 | Elf:3    | Paralysed by an air elemental for 1 turns
 31662 | Elf:3    | Identified the +10 dire flail of Zutz {venom, rC+ MP+9
                  | Str+3 Int+2}
 31662 | Elf:3    | Identified the ring "Daheck" {rElec rPois Int+6 Dex-5 SInv}
 32320 | Elf:3    | Got The Final Incunable of Hocus-Pocus
 32335 | Elf:3    | Identified the +0 pair of boots of Gravitas {-Cast rPois
                  | Slay+5}
 32371 | Elf:3    | Identified the +4 quarterstaff of Eleffus {holy, Will++}
 32444 | Elf:3    | Found Kyehimi's Armour Emporium.
 32883 | D:14     | Reached XP level 19. HP: 124/170 MP: 14/29
 33093 | D:14     | Received a gift from Okawaru
 33138 | D:14     | Reached skill level 19 in Maces & Flails
 33345 | D:14     | Found Qyasoeza's Assorted Antiques.
 33546 | Orc:2    | Bought an amulet of reflection for 450 gold pieces
 34123 | D:15     | Entered Level 15 of the Dungeon
 34660 | D:15     | Found a staircase to the Depths.
 34840 | D:15     | Found a basalt altar of Yredelemnul.
 35219 | Shoals:1 | Entered Level 1 of the Shoals
 35224 | Shoals:1 | Noticed Frances
 35251 | Shoals:1 | Killed Frances
 35614 | Shoals:1 | Received a gift from Okawaru
 37369 | Shoals:3 | Noticed Ilsuiw
 37380 | Shoals:3 | Killed Ilsuiw
 37635 | Shoals:3 | Noticed Polyphemus
 37670 | Shoals:3 | Killed Polyphemus
 37680 | Shoals:3 | Received a gift from Okawaru
 37703 | Shoals:3 | Reached skill level 20 in Maces & Flails
 38094 | Shoals:3 | Upgraded the game from 0.32-a0-799-g95e1662365 to
                  | 0.32-a0-818-gb728d0252e
 38530 | Shoals:4 | Entered Level 4 of the Shoals
 38646 | Shoals:4 | Reached skill level 15 in Armour
 38706 | Shoals:4 | Reached XP level 20. HP: 180/180 MP: 0/30
 38710 | Shoals:4 | Received a gift from Okawaru
 39015 | Shoals:4 | Found the brooch of Shielding {Spirit SH+8}
 39193 | Shoals:4 | Got a barnacled rune of Zot
 39196 | Shoals:4 | Got the Lectures on the Panacea and Fascination
 39915 | Vaults:1 | Entered Level 1 of the Vaults
 39915 | Vaults:1 | Found Pipsokk's Antique Armour Boutique.
 40028 | Vaults:1 | Received a gift from Okawaru
 40034 | Vaults:1 | Reached skill level 21 in Maces & Flails
 40984 | Vaults:1 | Received a gift from Okawaru
 41915 | Vaults:2 | Noticed Sojobo
 41930 | Vaults:2 | Killed Sojobo
 42169 | Vaults:2 | Reached skill level 1 in Shapeshifting
 42247 | Vaults:2 | Received a gift from Okawaru
 42512 | Vaults:2 | Identified the ring "Syinoet" {Wiz rElec}
 42513 | Vaults:2 | Reached skill level 22 in Maces & Flails
 42536 | Vaults:2 | Reached XP level 21. HP: 191/191 MP: 8/31
 42743 | Vaults:2 | Received a gift from Okawaru
 42810 | Vaults:2 | Found a staircase to the Crypt.
 42929 | Vaults:2 | Identified the +4 scale mail "Limypu" {rCorr Int+2}
 42932 | Vaults:2 | Identified the +8 plate armour of Awe {Harm Fly Regen+
                  | Str+3}
 43128 | Vaults:2 | Found a flickering gateway to a bazaar.
 43269 | Vaults:2 | Identified the +2 sling of Responsibility {freeze, Fly rN+
                  | Will+ Str+2}
 43816 | Vaults:3 | Received a gift from Okawaru
 44324 | Vaults:3 | Received a gift from Okawaru
 44976 | Vaults:3 | Found a roughly hewn altar of Beogh.
 44976 | Vaults:3 | Identified the +3 leather armour "Wuofom" {rF+ Dex+4}
 45168 | Vaults:3 | Identified the +0 helmet "Liheel" {Dex+3}
 45762 | Vaults:4 | Received a gift from Okawaru
 46173 | Vaults:4 | Reached skill level 23 in Maces & Flails
 46196 | Vaults:4 | Reached XP level 22. HP: 201/201 MP: 0/32
 46603 | Vaults:4 | Received a gift from Okawaru
 47093 | Vaults:5 | Entered Level 5 of the Vaults
 47467 | Vaults:5 | Reached skill level 5 in Shapeshifting
 47479 | Vaults:5 | Received a gift from Okawaru
 47587 | Vaults:5 | Noticed Mennas
 47670 | Vaults:5 | Killed Mennas
 47850 | Vaults:5 | Noticed a golden dragon
 47860 | Vaults:5 | Killed a golden dragon
 47995 | Vaults:5 | Received a gift from Okawaru
 48158 | Vaults:5 | Identified the amulet "Lufasch" {Faith Rampage Int+4}
 48341 | Vaults:5 | Got the Grimoire of Frozen Conjury
 48761 | Vaults:5 | Identified the +1 hat "Akoukoby" {rF+}
 48775 | Vaults:5 | Got a silver rune of Zot
 48985 | Vaults:5 | Noticed a dread lich
 48985 | Vaults:5 | Identified the +7 great mace of Rodghoa {spect, Str+3}
 48994 | Vaults:5 | Killed a dread lich
 49321 | Vaults:5 | Identified the +5 spear "Xeohoz" {freeze, Dex+2}
 49391 | Vaults:5 | Received a gift from Okawaru
 49565 | Vaults:5 | Got Sif Muna's Grimoire of the Gathered Zephyr
 49573 | Vaults:5 | Identified the staff of Extremism {rF+ rN+ Necro Fire Air}
 50256 | Slime:1  | Entered Level 1 of the Pits of Slime
 50468 | Slime:1  | Gained mutation: Potions are less effective at restoring
                  | your health. [a shining eye]
 50591 | Slime:2  | Reached XP level 23. HP: 211/211 MP: 25/33
 50605 | Slime:3  | Noticed Dissolution
 50614 | Slime:3  | Gained mutation: You have hidden genetic potential. [a
                  | shining eye]
 50621 | Slime:3  | Paralysed by a formless jellyfish for 1 turns
 50626 | Slime:3  | Gained mutation: You occasionally lose the ability to read
                  | scrolls when taking damage. [a shining eye]
 50634 | Slime:3  | Killed Dissolution
 50635 | Slime:3  | Reached skill level 24 in Maces & Flails
 50643 | Slime:3  | Lost mutation: You have hidden genetic potential. [a
                  | shining eye]
 50925 | Slime:4  | Received a gift from Okawaru
 51157 | Slime:5  | Entered Level 5 of the Pits of Slime
 51546 | Slime:5  | Noticed the Royal Jelly
 51577 | Slime:5  | Killed the Royal Jelly
 51619 | Slime:5  | Lost mutation: Potions are less effective at restoring your
                  | health. [potion of mutation]
 51619 | Slime:5  | Lost mutation: You occasionally lose the ability to read
                  | scrolls when taking damage. [potion of mutation]
 51619 | Slime:5  | Gained mutation: You occasionally lose the ability to read
                  | scrolls when taking damage. [potion of mutation]
 51619 | Slime:5  | Gained mutation: Your muscles are strong. (Str +4, Int/Dex
                  | -1) [potion of mutation]
 51620 | Slime:5  | Lost mutation: Your muscles are strong. (Str +4, Int/Dex
                  | -1) [potion of mutation]
 51620 | Slime:5  | Lost mutation: You occasionally lose the ability to read
                  | scrolls when taking damage. [potion of mutation]
 51620 | Slime:5  | Gained mutation: You sometimes lose your temper in combat.
                  | [potion of mutation]
 51620 | Slime:5  | Gained mutation: You have hidden genetic potential. [potion
                  | of mutation]
 51620 | Slime:5  | HP: 1/211 [azure jelly[the Royal Jelly] (13)]
 51620 | Slime:5  | Killed from afar by an acid blob

Illustrated notes

Levels and vault maps discovered:
D:1:      wander_arrival_chamber, layout_loops_ring, serial_shops,
          nicolae_shop_peninsula, hellmonk_ecumenical_altar_blasted,
          minmay_indecisive_spiral
D:2:      layout_basic, nicolae_shop_unique_rings, minmay_domino_4
D:3:      layout_rooms
D:4:      layout_loops_ring, ebering_ghost_sewer_f, kennysheep_another_room,
          chequers_serial_rivers_room_a
D:5:      layout_gridville, nzn_wu_jian_contemplation,
          minmay_temple_entry_fiery, minmay_increasing_density
D:6:      layout_basic, nemelex_xobeh_ov_fountains_minmay
D:7:      layout_rooms, serial_shops, kennysheep_mini
D:8:      layout_cave_pools, ashenzari_conservatory_becter, eino_jars,
          uniq_prince_ribbit1, uniq_gastronok, uniq_maggie, uniq_erica,
          uniq_grum
D:9:      layout_small_grid, mainiacjoe_overflow_brackets,
          nicolae_ru_great_annihilating_truth, lemuel_doored_altar,
          nicolae_uskayaw_murder_on_the_dancefloor, erik_orc_1, enter_bailey_8,
          uniq_amaemon
D:10:     layout_grid_maze, nicolae_sif_muna_condensation
D:11:     layout_basic, hangedman_weighted_door, uniq_josephine, uniq_maurice
D:12:     fort_yaktaur, layout_rooms, grunt_qazlal_clouds
D:13:     layout_rooms, grunt_vaults_entry_tiered, fedhas_altar_2
D:14:     layout_basic, serial_shops, nicolae_shop_window_shopping
D:15:     grunt_enter_depths_magical_seal, layout_irregular_city,
          yredelemnul_altar_generic
Temple:   zaba_magenta_temple
Lair:1:   layout_regular_city, minivault_19, serial_bayou_shore_b
Lair:2:   layout_roguey, minmay_shoals_entry_beasts, grunt_megastairs_3
Lair:3:   layout_hall_layers, minmay_snake_entry_guardpost_small,
          gammafunk_lair_bear_cave, uniq_nergalle, uniq_fannar
Lair:4:   layout_long_grid, hibernation_bobbens, uniq_snorg
Lair:5:   hangedman_lair_caniforms_friends, layout_misc_corridors,
          minmay_slime_entry_pillars, basic_altar, grunt_forest_small_clearings,
          serial_bayou_pond_b, infiniplex_staircase_pool_2
Shoals:1: layout_shoals, nicolae_shoals_seven_spires,
          nicolae_shoals_lost_giant_temple,
          nicolae_shoals_water_elemental_grotto, uniq_frances
Shoals:2: layout_shoals
Shoals:3: layout_shoals, uniq_ilsuiw, uniq_polyphemus
Shoals:4: shoals_end_hellmonk_lost_city
Snake:1:  layout_onion, drop_trap, nicolae_triple_integral, uniq_louise
Snake:2:  layout_honeycomb, minmay_shop_grove, grunt_megastairs_2,
          serial_bayou_shore_a, uniq_aizul
Snake:3:  layout_chambers
Snake:4:  grunt_snake_rune_pools, layout_cave_town, basic_altar,
          serial_bayou_shore_b
Slime:1:  layout_caves, nicolae_slime_phagocytosis
Slime:2:  layout_caves, nicolae_slime_rock_hall_of_fame
Slime:3:  layout_caves, uniq_dissolution
Slime:4:  layout_caves
Slime:5:  slime_pit_nicolae_jellycorners
Orc:1:    cheibrodos_orc_guarddog, layout_caves, serial_shops, shop_statue,
          uniq_jorgrun
Orc:2:    st_orc_rangers, layout_diamond_mine, gammafunk_ghost_split,
          serial_shops, nicolae_shop_hallway_plus, shop,
          nicolae_shop_tiny_waterfront, shop, uniq_rupert
Elf:1:    layout_gridlike, serial_shops, nicolae_lakefront_shop,
          nicolae_elf_altarnating, nicolae_wooded_promenade,
          hangedman_elf_simple_split
Elf:2:    nicolae_elf_blades_splatter_lattice [mumra_blade_entry_bloodbath],
          layout_geoelf_diagonals
Elf:3:    minmay_elf_hall_curves, layout_loops_corners, serial_shops, shop
Vaults:1: v_misc_2, v_misc_1, hangedman_vaults_stagger,
          nicolae_vaults_storage_room_water, ontoclasm_vaults_eye,
          nicolae_vaults_mini_display_case, nicolae_vaults_network_s,
          layout_vaults_chaotic_city, serial_shops, nicolae_shop_dealshenge
Vaults:2: nicolae_vaults_offset_grid_hallway_1, nicolae_vaults_trapezoid_4,
          vaults_room_pools, nicolae_vaults_wine_cellar,
          minmay_crypt_entry_simple_sparse, hangedman_vaults_impose,
          nicolae_vaults_hallways_thing, nicolae_vaults_circle_grid_b,
          nicolae_vaults_storing_the_good_stuff, v_pattern_2, vaults_room_grid,
          nicolae_vaults_weapon_check, hangedman_vaults_cutoff,
          nicolae_vaults_tetromino_T_1, layout_vaults_maze_snakey, serial_shops,
          bzr_entry_gold, uniq_sojobo
Vaults:3: vaults_room_boxed, v_misc_15, grunt_vaults_funnel,
          nicolae_vaults_closet_pinwheel_3, nicolae_vaults_double_plus_1,
          nicolae_vaults_double_plus_2, v_misc_10, vaults_room_pools,
          dpeg_vaults_monster_box, special_room_vaults [special_room_orc],
          nicolae_vaults_closet_pinwheel_6, nicolae_vaults_ring_of_whatevers,
          layout_vaults_ring
Vaults:4: nicolae_vaults_tetromino_T_2, vaults_room_door_hall, v_misc_30,
          vaults_mumra_minichess_inversion, nicolae_vaults_closet_pinwheel_2,
          nicolae_vaults_trapezoid_lopsided_2,
          hangedman_vaults_stretched_pinwheel, nicolae_vaults_tetromino_Z_1,
          layout_vaults_quadrants, serial_shops, bzr_entry_safe
Vaults:5: uniq_mennas

Skill      XL: |  1  2  3  4  5  6  7  8  9 10 11 12 13 14 15 16 17 18 19 20 21 22 23 |
---------------+----------------------------------------------------------------------+-----
Armour         | 4 5 6 7 8 9 10 11 12 13 14 15 16 17 | 17.2
Axes           | 3 |  3.3
Maces & Flails | 2 5 6 8 10 12 13 14 15 16 17 18 20 22 23 24 | 24.3
Shields        | 4 5 6 8 9 10 12 13 15 16 18 20 21 22 23 | 23.6
Invocations    | 2 4 7 9 10 11 12 13 14 | 14.0
Fighting       | 5 6 8 9 10 11 12 14 15 16 17 18 | 18.8
Dodging        | 2 3 4 5 6 7 8 9 |  9.4
Stealth        | 3 4 5 |  5.6
Evocations     | 3 7 9 11 | 11.3
Shapeshifting  | 2 4 6 |  6.8

Action                     |  1- 3 |  4- 6 |  7- 9 | 10-12 | 13-15 | 16-18 | 19-21 | 22-24 || total
---------------------------+-------+-------+-------+-------+-------+-------+-------+-------++-------
  Melee: War axe           |    50 |       |       |       |       |       |       |       ||    50
         Demon whip        |    57 |    54 |   245 |   702 |   986 |   947 |  2085 |  1121 ||  6197
         Eveningstar       |       |       |       |       |   153 |   704 |    31 |       ||   888
 Invoke: Receive Weapon    |       |       |       |     1 |       |       |       |       ||     1
         Receive Armour    |       |       |       |     1 |       |       |       |       ||     1
         Heroism           |       |       |       |       |     4 |     8 |     5 |     5 ||    22
         Finesse           |       |       |       |       |     3 |     4 |     4 |     4 ||    15
         Duel              |       |       |       |       |     1 |       |       |       ||     1
  Evoke: Wand              |       |       |       |       |       |     3 |     9 |       ||    12
    Use: Scroll            |     7 |       |     9 |     8 |     4 |     8 |     2 |     1 ||    39
         Potion            |       |       |       |     2 |     4 |    14 |     1 |     4 ||    25
   Stab: Invisible         |       |       |       |       |       |       |       |     1 ||     1
 Armour: Scale mail        |    46 |    30 |   128 |   124 |       |       |       |       ||   328
         Plate armour      |       |       |       |   192 |   632 |  1031 |   832 |   591 ||  3278
  Dodge: Dodged            |    45 |    21 |    68 |   146 |   268 |   160 |   132 |   105 ||   945
  Block: Buckler           |     6 |       |       |       |       |       |       |       ||     6
         Kite shield       |    29 |    35 |   165 |   387 |   910 |  1455 |  2117 |  1108 ||  6206
         Reflection        |       |       |       |       |       |       |   232 |    36 ||   268

Table legend: (Time is in decaauts)
 A = Elapsed time spent in this place.
 B = Non-inter-level travel time spent in this place.
 C = Inter-level travel time spent in this place.
 D = Time resting spent in this place.
 E = Time spent auto-exploring this place.
 F = Levels seen in this place.
 G = Mean time per level.
                   A        B        C        D        E       F      G
               +--------+--------+--------+--------+--------+-----+--------+
         Total |  48511 |  43681 |   4830 |      0 |  36247 |  46 | 1054.6 |
       Dungeon |  14944 |  12649 |   2295 |      0 |  10775 |  15 |  996.3 |
        Temple |     26 |      2 |     24 |      0 |      0 |   1 |   26.0 |
          Lair |   5440 |   4720 |    720 |      0 |   3841 |   5 | 1088.0 |
        Shoals |   3948 |   3814 |    134 |      0 |   3286 |   4 |  987.0 |
     Snake Pit |   6122 |   5853 |    269 |      0 |   5062 |   4 | 1530.5 |
    Slime Pits |   1173 |   1173 |      0 |      0 |    848 |   5 |  234.6 |
  Orcish Mines |   2783 |   2124 |    659 |      0 |   1814 |   2 | 1391.5 |
   Elven Halls |   4674 |   4375 |    299 |      0 |   3623 |   3 | 1558.0 |
        Vaults |   9024 |   8598 |    426 |      0 |   6750 |   5 | 1804.8 |
        Bailey |    356 |    356 |      0 |      0 |    248 |   1 |  356.0 |
         Arena |     16 |     16 |      0 |      0 |      0 |   1 |   16.0 |
               +--------+--------+--------+--------+--------+-----+--------+

Top non-repeatable levels by time:
Vaults:5: 2220 daAuts
   Elf:3: 2062 daAuts
   Orc:2: 2050 daAuts
 Snake:4: 1890 daAuts
Vaults:1: 1842 daAuts
    D:11: 1762 daAuts
Vaults:4: 1759 daAuts
     D:9: 1752 daAuts
 Snake:3: 1626 daAuts
Vaults:3: 1608 daAuts
Vaults:2: 1593 daAuts
 Snake:2: 1565 daAuts
   Elf:2: 1506 daAuts
    D:10: 1361 daAuts
  Lair:5: 1339 daAuts
